 Dungeon Crawl Stone Soup version 0.21.0-25-ge575cb9 (webtiles) character file.

49 JeffiDaFish the Vexing (level 3, -3/18 HPs)
             Began as a Spriggan Arcane Marksman on Jan 23, 2018.
             Slain by Sigmund
             ... wielding a +0 scythe
              (10 damage)
             ... on level 2 of the Dungeon.
             The game lasted 00:04:50 (1685 turns).

JeffiDaFish the Vexing (Spriggan Arcane Marksman)   Turns: 1685, Time: 00:04:51

Health: -3/18      AC:  4    Str:  9    XL:     3   Next: 53%
Magic:  2/6        EV: 18    Int: 14    God:
Gold:   89         SH:  0    Dex: 17    Spells: 2/5 levels left

rFire    . . .     SeeInvis +   g - +0 dagger
rCold    . . .     Gourm    .   (shield restricted)
rNeg     . . .     Faith    .   e - +0 robe
rPois    .         Spirit   .   (helmet restricted)
rElec    .         Reflect  .   (no cloak)
rCorr    .         Harm     .   (gloves unavailable)
MR       .....                  (boots unavailable)
Stlth    ++........             (no amulet)
HPRegen  0.06/turn              i - +2 ring of protection
MPRegen  0.10/turn              h - +3 ring of strength

@: very quick
A: very small, unfitting armour, see invisible, herbivore, speed 3, slow
metabolism 2
a: no special abilities


You were on level 2 of the Dungeon.
You were not hungry.

You visited 1 branch of the dungeon, and saw 2 of its levels.

You collected 89 gold pieces.

Inventory:

Hand Weapons
 a - a +2 hand crossbow
 g - a +0 dagger (weapon)
Missiles
 d - 32 bolts
Armour
 e - a +0 robe (worn)
Jewellery
 h - a +3 ring of strength (right hand)
 i - a +2 ring of protection (left hand)
Books
 c - a book of Debilitation

   Spells                             Type                      Level
   a - Corona                         Hexes                        1
   b - Slow                           Hexes                        2
   c - Inner Flame                    Hexes/Fire                   3
   d - Portal Projectile              Hexes/Translocation          3
   e - Cause Fear                     Hexes                        4
   f - Leda's Liquefaction            Hexes/Earth                  4
Comestibles
 f - 3 rations


   Skills:
 + Level 1.0 Fighting
 + Level 0.3 Short Blades
 + Level 2.5 Crossbows
 + Level 3.2 Dodging
 + Level 0.5 Stealth
 + Level 1.8 Spellcasting
 + Level 4.6 Hexes


You had 2 spell levels left.
You knew the following spells:

 Your Spells              Type           Power        Failure   Level  Hunger
a - Corona                Hex            ##.....      3%          1    ##.....
b - Slow                  Hex            ##......     5%          2    ###....


Dungeon Overview and Level Annotations

Branches:
Dungeon (2/15)

Altars:

Annotations:
D:2 Sigmund


Innate Abilities, Weirdness & Mutations

You are very small and have problems with some larger weapons.
You are too small for most types of armour.
You have supernaturally acute eyesight. (SInv)
You are a herbivore.
You cover ground extremely quickly.
You need consume almost no food.


Message History

Confirm with . or Enter, or press ? or * to list all spells.
Aiming: Slow
Press: ? - help, Shift-Dir - straight line, f - Sigmund
Aim: Sigmund, wielding a scythe and wearing a robe (chance to defeat MR: 60%) Sigmund resists with significant effort.
Sigmund misses you.
Casting: Slow
Confirm with . or Enter, or press ? or * to list all spells.
Aiming: Slow
Press: ? - help, Shift-Dir - straight line, f/p - Sigmund
Aim: Sigmund, wielding a scythe and wearing a robe (chance to defeat MR: 60%) Sigmund seems to slow down.
Sigmund misses you.
You closely miss Sigmund. You hit Sigmund but do no damage.
Sigmund casts a spell at you. The puff of flame hits you!
Ouch! That really hurt!
You barely miss Sigmund. Sigmund hits you with a scythe!
Ouch! That really hurt!
You die...

..........# .#####.###
#.####### ### #.#......
..# #.#.##### ..#
###############.#.#####
..###
#........##............
....#
#...........##....#####
..#.#
#..###@###..#..........
###.# #@#
#.###...###### ###.#
#+###.# ##.## ....# ..#
#.# ###.# #+###.# #.#
#.# # #.# #.####'##
###.####
#.###.###..##...##
.......#
#..........#.....##
#.#.##.#
####....##........##


You could see Sigmund.

Vanquished Creatures
  A worm (D:2)
  6 bats
  A giant cockroach (D:1)
  6 goblins
  5 hobgoblins
  6 jackals
  9 kobolds
  2 quokkas (D:2)
  A ball python (D:2)
  2 frilled lizards (D:1)
  3 rats (D:2)
42 creatures vanquished.

Vanquished Creatures (others)
  7 fungi (D:2)
  4 plants (D:2)
11 creatures vanquished.

Grand Total: 53 creatures vanquished

Notes
Turn   | Place    | Note
-------+----------+-------------------------------------------
     0 | D:1      | JeffiDaFish the Spriggan Arcane Marksman began the quest for the Orb.
     0 | D:1      | Reached XP level 1. HP: 9/9 MP: 3/3
    53 | D:1      | Reached skill level 4 in Hexes
   201 | D:1      | Reached XP level 2. HP: 14/14 MP: 5/5
   469 | D:1      | Learned a level 2 spell: Slow
   957 | D:2      | Reached XP level 3. HP: 14/17 MP: 1/6
  1422 | D:2      | Reached skill level 1 in Fighting
  1678 | D:2      | Noticed Sigmund
  1685 | D:2      | Slain by Sigmund

Skill      XL: |  1  2  3 |
---------------+----------+-----
Hexes          | 4 |  4.6
Fighting       | 1 |  1.0
Short Blades   | |  0.3
Crossbows      | |  2.5
Dodging        | |  3.2
Stealth        | |  0.5
Spellcasting   | |  1.8

Action                   || total
-------------------------++-------
Melee: Dagger            ||   129
 Fire: Hand crossbow     ||    49
 Cast: Slow              ||    17
  Use: Potion            ||     5
       Scroll            ||     5
 Stab: Sleeping          ||     2
Armor: Robe              ||    16
Dodge: Dodged            ||   117
